 Dungeon Crawl Stone Soup version 0.20-a0-795-ga03948b (webtiles) character file.

114 Magnus the Gusty (level 4, -4/24 HPs)
             Began as a Tengu Air Elementalist on Mar 1, 2017.
             Killed from afar by lolicon's ghost (6 damage)
             ... with a magic dart
             ... on level 4 of the Dungeon.
             The game lasted 00:05:43 (1777 turns).

Magnus the Gusty (Tengu Air Elementalist)           Turns: 1777, Time: 00:05:43

Health: -4/24      AC:  2    Str:  9    XL:     4   Next: 97%
Magic:  0/9        EV: 12    Int: 16    God:
Gold:   43         SH:  0    Dex: 14    Spells: 8/9 levels left

rFire    . . .     SeeInvis +   l - +0 dagger
rCold    . . .     Gourm    .   a - +0 robe
rNeg     . . .     Faith    .   (no shield)
rPois    .         Spirit   .   (helmet restricted)
rElec    .         Reflect  .   (no cloak)
rCorr    .         Harm     .   (no gloves)
MR       .....                  (boots unavailable)
Stlth    ++........             (no amulet)
Regen    0.1/turn               (no ring)
MPRegen  0.2/turn               f - ring of see invisible

@: no status effects
A: beak, talons 3
a: no special abilities


You were on level 4 of the Dungeon.
You were not hungry.

You visited 1 branch of the dungeon, and saw 3 of its levels.

You collected 43 gold pieces.

Inventory:

Hand Weapons
 l - a +0 dagger (weapon)
Armour
 a - a +0 robe (worn)
Jewellery
 f - a ring of see invisible (left hand)
Wands
 i - a wand of confusion (16/48)
Scrolls
 g - a scroll of fear {unknown}
 j - a scroll of fog {unknown}
Potions
 e - a potion of curing {unknown}
 h - a potion of brilliance {unknown}
Books
 b - a book of Air

   Spells                             Type                      Level
   a - Shock                          Conjuration/Air              1
   b - Swiftness                      Charms/Air                   2
   c - Static Discharge               Conjuration/Air              3
   d - Airstrike                      Air                          4
   e - Lightning Bolt                 Conjuration/Air              5
Comestibles
 c - 3 bread rations
 d - a royal jelly


   Skills:
 - Level 2.1 Dodging
 - Level 2.0 Stealth
 + Level 3.0 Spellcasting
 + Level 3.6 Conjurations
 + Level 5.3 Air Magic


You had 8 spell levels left.
You knew the following spells:

 Your Spells              Type           Power        Failure   Level  Hunger
a - Shock                 Conj/Air       ###.         3%          1    #......


Dungeon Overview and Level Annotations

Branches:
Dungeon (2/15)

Altars:
Nemelex Xobeh

Annotations:
D:4 lolicon's ghost, amateur DECj


Innate Abilities, Weirdness & Mutations

You have a beak for a mouth.
You have claws for feet.


Message History

Casting: Shock
Confirm with . or Enter, or press ? or * to list all spells.
Aiming: Shock
Press: ? - help, Shift-Dir - straight line, f/p - lolicon's ghost
Aim: lolicon's ghost, wielding a vorpal weapon (lightly damaged)
The zap hits lolicon's ghost.
Lolicon's ghost is moderately damaged.
Lolicon's ghost completely misses you.
Casting: Shock
Confirm with . or Enter, or press ? or * to list all spells.
Aiming: Shock
Press: ? - help, Shift-Dir - straight line, f/p - lolicon's ghost
Aim: lolicon's ghost, wielding a vorpal weapon (moderately damaged)
The zap hits lolicon's ghost.
Lolicon's ghost is heavily damaged.
Lolicon's ghost hits you.
* * * LOW HITPOINT WARNING * * *
x2 Lolicon's ghost gestures at you while chanting.
The magic dart hits you!
You die...

.. ....# ... ### #...# .. ..#
#...###### . #. #.# #.........
..
#.############.####...######
W.)#...........##.#...........
...............##.#.##...#####
#..............##.#.#........
..............W%@.......>####
#....?.......#############
#............# #....###.....#
#.... ###.#.# ###.. ....# #.
.....# #. ......#


You could see lolicon's ghost.

Vanquished Creatures
  Natasha (D:2)
  A worker ant (D:4)
  An adder (D:4)
  7 dart slugs (D:1)
  A leopard gecko (D:1)
  7 bats
  3 giant cockroaches (D:1)
  7 hobgoblins
  A ball python (D:1)
  2 frilled lizards
  3 goblins
  5 kobolds
  6 rats
45 creatures vanquished.

Notes
Turn   | Place    | Note
-------+----------+-------------------------------------------
     0 | D:1      | Magnus the Tengu Air Elementalist began the quest for the Orb.
     0 | D:1      | Reached XP level 1. HP: 10/10 MP: 4/4
   202 | D:1      | Reached XP level 2. HP: 15/15 MP: 0/6
   670 | D:1      | Reached XP level 3. HP: 19/19 MP: 2/7
  1429 | D:2      | Found a sparkling altar of Nemelex Xobeh.
  1526 | D:2      | Noticed Natasha
  1537 | D:2      | Killed Natasha
  1537 | D:2      | Reached skill level 5 in Air Magic
  1537 | D:2      | Reached XP level 4. HP: 24/24 MP: 3/9
  1613 | D:2      | You fall through a shaft for 2 floors!
  1753 | D:4      | Noticed lolicon's ghost (amateur DECj)
  1777 | D:4      | Killed from afar by lolicon's ghost

Vault maps used:
D:1:      dpeg_arrival_simpleton_a, hangedman_feature_mirror
D:2:      lemuel_doored_altar, old_standard_altar, first_bread, kennysheep_nub,
          uniq_natasha
D:4:      minmay_door_path, lemuel_coloured_pillars_altar

Skill      XL: |  1  2  3  4 |
---------------+-------------+-----
Conjurations   | 2 3 |  3.6
Air Magic      | 5 |  5.3
Spellcasting   | 3 |  3.0
Dodging        | |  2.1
Stealth        | |  2.0

Action                   |  1- 3 |  4- 6 || total
-------------------------+-------+-------++-------
 Cast: Shock             |    87 |    16 ||   103
  Eat: Chunk             |     3 |     1 ||     4
Armor: Robe              |     8 |       ||     8
Dodge: Dodged            |    16 |     3 ||    19
